 Dungeon Sprint DCSS version 0.16-a0-3807-g3748f16 (webtiles) character file.

5812 Fv001 the Blocker (level 10, 0/70 HPs)
             Began as a Gargoyle Fighter on Jan 27, 2015.
             Was a Follower of Ru.
             Killed from afar by a lindwurm (24 damage)
             ... with a blast of flame
             ... in the Dungeon (Sprint IX: "|||||||||||||||||||||||||||||").
             The game lasted 00:08:02 (1128 turns).

Fv001 the Blocker (Gargoyle Fighter)                Turns: 1128, Time: 00:08:03

Health: 0/70       AC: 32    Str: 24      XL:     10   Next: 79%
Magic:  18/18      EV: 11    Int:  6 (13) God:    Ru [*.....]
Gold:   14         SH: 14    Dex: 10      Spells: 1 memorised, 14 levels left

rFire  . . .     SeeInvis .     q - +2 morningstar (protect)
rCold  . . .     Clarity  .     s - +1 chain mail
rNeg   + . .     SustAb   .     c - +0 shield
rPois  ∞         Gourm    .     r - +2 helmet
rElec  +         Spirit   .     a - +2 cloak
rCorr  .         Warding  .     (no gloves)
rMut   .         NoTele   +     (no boots)
MR     .....                    (no amulet)
Stlth  ..........               u - +3 ring of strength
                                t - +3 ring of intelligence

@: not resistant to hostile enchantments, extremely unstealthy
A: negative energy resistance 1, electricity resistance, unbreathing,
petrification resistance, rot immunity, hated by all, AC +7
a: Sacrifice Artifice, Sacrifice Drink, Sacrifice Words, Reject Sacrifices,
Renounce Religion


You were in the Dungeon.
You worshipped Ru.
Ru was aware of your devotion.
You were not hungry.

You visited 1 branch You collected 14 gold pieces.

Inventory:

Hand weapons
 q - a +2 morningstar of protection (weapon)
Armour
 a - a +2 cloak (worn)
 c - a +0 shield (worn)
 r - a +2 helmet (worn)
 s - a +1 chain mail (worn)
Jewellery
 t - a +3 ring of intelligence (left hand)
 u - a +3 ring of strength (right hand)
Magical devices
 p - a wand of fire (0)
Scrolls
 n - 3 scrolls of remove curse
 o - 2 scrolls of amnesia
 x - a scroll of fear
 y - a scroll of fog
 z - 2 scrolls of enchant weapon
Potions
 b - 2 potions of cure mutation
 f - 5 potions of curing
 h - a potion of haste
 i - 4 potions of magic
 j - a potion of berserk rage
 m - a potion of invisibility
 v - a potion of restore abilities
Books
 l - a book of Flames

   Spells                             Type                      Level
   a - Flame Tongue                   Conjuration/Fire             1
   b - Throw Flame                    Conjuration/Fire             2
   c - Conjure Flame                  Conjuration/Fire             3
   d - Inner Flame                    Hexes/Fire                   3
   e - Sticky Flame                   Conjuration/Fire             4
   f - Fireball                       Conjuration/Fire             5


   Skills:
 + Level 11.3 Fighting
 + Level 10.8 Maces & Flails
 * Level 12.4 Armour
 + Level 6.9 Dodging
 + Level 4.5 Stealth
 * Level 14.6 Shields
 + Level 3.0 Spellcasting
 + Level 3.5 Conjurations
 * Level 2.7 Fire Magic
 + Level 2.2 Evocations


You had 14 spell levels left.
You knew the following spells:

 Your Spells              Type           Power        Failure   Level  Hunger
a - Flame Tongue          Conj/Fire      #....        63%         1    ##.....


Dungeon Overview and Level Annotations

Branches:
Dungeon (1/1)

Altars:
Cheibriados
Dithmenos
Elyvilon
Fedhas
Gozag
Kikubaaqudgha
Makhleb
Nemelex Xobeh
Okawaru
Qazlal
Ru
Sif Muna
Trog
Vehumet
Xom
Yredelemnul
Zin
The Shining One
Beogh
Jiyva
Lugonu


Innate Abilities, Weirdness & Mutations

You are resistant to torment.
You are immune to poison.
Your stone body is very resilient (AC +7).
You resist negative energy.
You are resistant to electric shocks.
You can survive without breathing.
You are immune to petrification.
You are immune to rotting.
You are hated by all.


Message History

The blast of flame hits you!
You redirect the lindwurm's attack!
The lindwurm bites you. You block the lindwurm's attack.
The lindwurm claws you but does no damage.
You impale the lindwurm!!
The lindwurm is severely wounded.
You impale the lindwurm!!
You kill the lindwurm!
You completely miss the lindwurm. The lindwurm bites you.
You block the lindwurm's attack. The lindwurm misses you.
You hit the lindwurm.
The lindwurm is lightly wounded.
The lindwurm bites you but does no damage.
You block the lindwurm's attack.
The lindwurm claws you but does no damage.
You puncture the lindwurm!
The lindwurm is moderately wounded.
The lindwurm breathes flames at you. The blast of flame hits you!
You die...

▓_▓.▓.▓
▓_▓.▓.▓
▓'▓.▓.▓
▓.▓.▓.▓
▓.▓.▓'▓
▓|▓.▓.▓
▓)▓.▓.▓
▓.▓.▓.▓
▓.▓.▓@▓
▓.▓.▓k▓
▓.▓.▓w▓
▓[▓.▓.▓
▓(▓.▓.▓
▓.▓.▓$▓
▓.▓.▓!▓
▓.▓.▓[▓
▓.▓.▓$▓


You could see a lindwurm and a worm.

Vanquished Creatures
  2 hydras (D)
  A centaur warrior (D)
  2 lindwurms (D)
  A spiny frog (D)
  2 komodo dragons (D)
  2 trolls (D)
  A blink frog (D)
  A wyvern (D)
  2 yaks (D)
  A wolf (D)
  A water moccasin (D)
  4 porcupines (D)
  A mottled dragon (D)
  A sky beast (D)
  2 brain worms (D)
  2 giant frogs (D)
  2 hounds (D)
  A worker ant (D)
  A river rat (D)
  An adder (D)
  A giant mite (D)
  2 worms (D)
  A bat skeleton (D)
  A quokka (D)
  A bat (D)
  3 kobolds (D)
  A quokka zombie (D)
  2 rats (D)
43 creatures vanquished.

Vanquished Creatures (others)
  A giant gecko zombie (D)
  A giant spore (D)
  A rat (D)
3 creatures vanquished.

Grand Total: 46 creatures vanquished

Notes
Turn   | Place    | Note
--------------------------------------------------------------
     0 | D        | Fv001, the Gargoyle Fighter, began the quest for the Orb.
     0 | D        | Reached XP level 1. HP: 14/14 MP: 1/1
    16 | D        | Reached skill level 4 in Fighting
    31 | D        | Noticed a worker ant
    33 | D        | Killed a worker ant
    33 | D        | Reached skill level 5 in Fighting
    33 | D        | Reached XP level 2. HP: 19/21 MP: 2/2
    33 | D        | Reached XP level 3. HP: 23/26 MP: 3/3
    49 | D        | Reached skill level 5 in Armour
    61 | D        | Found a glowing silver altar of Zin.
    61 | D        | Found a glowing golden altar of the Shining One.
    61 | D        | Found an ancient bone altar of Kikubaaqudgha.
    61 | D        | Found a basalt altar of Yredelemnul.
    61 | D        | Found a shimmering altar of Xom.
    61 | D        | Found a radiant altar of Vehumet.
    61 | D        | Found an iron altar of Okawaru.
    62 | D        | Found a burning altar of Makhleb.
    63 | D        | Found a deep blue altar of Sif Muna.
    64 | D        | Found a bloodstained altar of Trog.
    65 | D        | Found a sparkling altar of Nemelex Xobeh.
    66 | D        | Found a white marble altar of Elyvilon.
    67 | D        | Found a roughly hewn altar of Beogh.
    68 | D        | Found a viscous altar of Jiyva.
    69 | D        | Found a corrupted altar of Lugonu.
    70 | D        | Found a blossoming altar of Fedhas.
    71 | D        | Found a snail-covered altar of Cheibriados.
    72 | D        | Found a shadowy altar of Dithmenos.
    73 | D        | Found a stormy altar of Qazlal.
    74 | D        | Found an opulent altar of Gozag.
    75 | D        | Found a sacrificial altar of Ru.
    84 | D        | Became a worshipper of Ru the Awakened
   130 | D        | Noticed a giant frog
   130 | D        | Noticed a troll
   141 | D        | Killed a giant frog
   141 | D        | Reached skill level 6 in Fighting
   141 | D        | Reached skill level 1 in Dodging
   141 | D        | Reached skill level 5 in Shields
   141 | D        | Reached XP level 4. HP: 20/32 MP: 4/4
   145 | D        | Killed a troll
   145 | D        | Reached skill level 7 in Fighting
   145 | D        | Reached skill level 1 in Stealth
   145 | D        | Reached XP level 5. HP: 29/38 MP: 5/5
   217 | D        | Noticed a centaur warrior
   217 | D        | Noticed a sky beast
   217 | D        | Noticed a troll
   217 | D        | Noticed a wyvern
   217 | D        | Noticed a four-headed hydra
   217 | D        | Noticed a mottled dragon
   231 | D        | Killed a centaur warrior
   231 | D        | Reached skill level 9 in Fighting
   231 | D        | Reached XP level 6. HP: 25/46 MP: 6/6
   231 | D        | Reached XP level 7. HP: 27/51 MP: 7/7
   235 | D        | Killed a sky beast
   235 | D        | Reached XP level 8. HP: 30/56 MP: 8/8
   237 | D        | Killed a wyvern
   237 | D        | Reached skill level 10 in Armour
   237 | D        | Reached skill level 10 in Shields
   239 | D        | Killed a mottled dragon
   243 | D        | Killed a troll
   243 | D        | Reached skill level 10 in Fighting
   243 | D        | Reached skill level 5 in Dodging
   249 | D        | Killed a four-headed hydra
   249 | D        | Reached skill level 11 in Shields
   249 | D        | Reached skill level 1 in Evocations
   249 | D        | Reached XP level 9. HP: 36/63 MP: 9/11
   410 | D        | Gained mutation: You are hated by all. [Ru sacrifice]
   410 | D        | Acquired Ru's first power
   495 | D        | Learned a level 1 spell: Flame Tongue
   495 | D        | Noticed a yak
   495 | D        | Noticed a porcupine
   495 | D        | Noticed a blink frog
   495 | D        | Noticed a hound
   495 | D        | Noticed a komodo dragon
   495 | D        | Noticed a porcupine
   498 | D        | Noticed a yak
   499 | D        | Killed a yak
   500 | D        | Killed a porcupine
   500 | D        | Reached skill level 12 in Shields
   500 | D        | Reached skill level 1 in Spellcasting
   506 | D        | Killed a blink frog
   513 | D        | Killed a hound
   527 | D        | Killed a komodo dragon
   533 | D        | Killed a porcupine
   537 | D        | Killed a yak
   540 | D        | Noticed a water moccasin
   545 | D        | Killed a water moccasin
   656 | D        | Noticed a hound
   656 | D        | Noticed a wolf
   656 | D        | Noticed a porcupine
   656 | D        | Noticed a spiny frog
   656 | D        | Noticed a six-headed hydra
   656 | D        | Noticed a komodo dragon
   656 | D        | Noticed a porcupine
   662 | D        | Killed a wolf
   662 | D        | Reached skill level 1 in Conjurations
   662 | D        | Reached XP level 10. HP: 68/68 MP: 18/18
   665 | D        | Noticed a giant frog
   666 | D        | Killed a hound
   668 | D        | Killed a porcupine
   668 | D        | Reached skill level 13 in Shields
   676 | D        | Killed a spiny frog
   676 | D        | Reached skill level 10 in Maces & Flails
   678 | D        | Killed a porcupine
   678 | D        | Killed a giant frog
   685 | D        | Killed a six-headed hydra
   689 | D        | Killed a komodo dragon
   689 | D        | Reached skill level 14 in Shields
   689 | D        | Reached skill level 1 in Fire Magic
   811 | D        | Noticed a lindwurm
   811 | D        | Noticed a brain worm
   811 | D        | Noticed a brain worm
   811 | D        | Noticed a lindwurm
   811 | D        | Noticed a lindwurm
   825 | D        | Killed a lindwurm
   828 | D        | Killed a brain worm
   829 | D        | Killed a brain worm
  1125 | D        | Killed a lindwurm
  1128 | D        | Killed from afar by a lindwurm

Action                   |  1- 3 |  4- 6 |  7- 9 | 10-12 || total
-------------------------+-------+-------+-------+-------++-------
Melee: Flail             |    33 |       |       |       ||    33
       Morningstar       |    11 |    15 |    60 |    51 ||   137
Invok: Sacrifice Love    |       |       |     1 |       ||     1
Evoke: Wand              |       |       |     4 |     3 ||     7
  Use: Potion            |       |     1 |     3 |     2 ||     6
       Scroll            |       |       |     4 |     2 ||     6
 Stab: Confused          |       |     1 |       |       ||     1
  Eat: Bread ration      |       |       |       |     1 ||     1
